 Dungeon Crawl Stone Soup version 0.22-a0-757-gdba82d8 (webtiles) character file.

79 sking99 the Cudgeler (level 4, -3/35 HPs)
             Began as a Demonspawn Fighter on July 16, 2018.
             Slain by Natasha (8 damage)
             ... on level 2 of the Dungeon.
             The game lasted 00:01:23 (750 turns).

sking99 the Cudgeler (Demonspawn Fighter)            Turns: 750, Time: 00:01:24

Health: -3/35      AC: 15    Str: 22    XL:     4   Next: 16%
Magic:  4/4        EV:  7    Int:  9    God:
Gold:   42         SH:  9    Dex: 13    Spells: 3/3 levels left

rFire    . . .     SeeInvis .   a - +0 flail
rCold    . . .     Gourm    .   c - +0 shield
rNeg     . . .     Faith    .   b - +0 scale mail
rPois    .         Spirit   .   (no helmet)
rElec    .         Reflect  .   (no cloak)
rCorr    .         Harm     .   (no gloves)
MR       .....                  (no boots)
Stlth    ..........             (no amulet)
HPRegen  0.11/turn              (no ring)
MPRegen  0.09/turn              (no ring)

@: mighty, lethally poisoned (-3 -> -6), sanguine armour
A: sanguine armour 2
a: no special abilities


You were on level 2 of the Dungeon.
You were not hungry.

You visited 1 branch of the dungeon, and saw 2 of its levels.

You collected 42 gold pieces.

Inventory:

Hand Weapons
 a - a +0 flail (weapon)
Armour
 b - a +0 scale mail (worn)
 c - a +0 shield (worn)
Scrolls
 h - a scroll of teleportation {unknown}
 i - a scroll of blinking {unknown}
 j - a scroll of magic mapping {unknown}
 k - a scroll of identify {unknown}
Potions
 e - a potion of flight {unknown}
 l - a potion of lignification {unknown}
 m - a potion of mutation {unknown}
Comestibles
 f - 5 rations
 g - a chunk of flesh


   Skills:
 - Level 3.0 Fighting
 * Level 3.4 Maces & Flails
 - Level 2.6 Armour
 + Level 3.4 Shields


You had 3 spell levels left.
You didn't know any spells.
Your spell library was empty.

Dungeon Overview and Level Annotations

Branches:
Dungeon (2/15)

Altars:

Annotations:
D:2 Natasha


Innate Abilities, Weirdness & Mutations

When seriously injured, your bleeding wounds create thick armour. (AC +9)


Message History

You block the bat's attack.
You miss the bat.
You feel sick. The bat hits you but does no damage. You block the bat's attack.
The bat barely misses you.
You barely miss the bat. You block the bat's attack. x2
The bat hits you but does no damage. The worm bites you but does no damage.
The bat hits you but does no damage.
You feel sick. You block the bat's attack. The bat barely misses you.
Natasha, Servant of Life and Death comes into view.
Natasha hisses angrily.
The bat hits you but does no damage. You block the bat's attack.
Natasha casts a spell at you. The magic dart hits you!
The bat hits you but does no damage.
You feel sick. You block the bat's attack. You block Natasha's attack.
The bat hits you but does no damage.
You completely miss Natasha. The bat hits you but does no damage.
Natasha mumbles some strange words.
You feel troubled. Natasha claws you!
You die...

########### #......<..#
#.........# #.........#
#.........# ############
#.........# .
##..........####.........#
..##............##..(....<.##
............w...@..#)##....#
#...†)........h###(##....#
.....#..####.b.......##....#
#.. #.## ##....########### .
#.. #...... #.. #...#### ##.
#..## ## .... ....


You could see a worm, Natasha and a bat.

Vanquished Creatures
  Natasha (twice) (D:2)
  An adder (D:2)
  A dart slug (D:1)
  A leopard gecko (D:2)
  2 giant cockroaches
  4 goblins
  2 hobgoblins (D:1)
  2 bats
  2 frilled lizards (D:2)
  A kobold (D:2)
  A rat (D:1)
19 creatures vanquished.

Vanquished Creatures (others)
  A fungus (D:2)
1 creature vanquished.

Grand Total: 20 creatures vanquished

Notes
Turn   | Place    | Note
-------+----------+-------------------------------------------
     0 | D:1      | sking99 the Demonspawn Fighter began the quest for the Orb.
     0 | D:1      | Reached XP level 1. HP: 18/18 MP: 1/1
   258 | D:1      | Gained mutation: When seriously injured, your bleeding wounds create armour. (AC +9) [demonic ancestry]
   258 | D:1      | Reached XP level 2. HP: 24/24 MP: 2/2
   606 | D:2      | Noticed Natasha
   621 | D:2      | Killed Natasha
   621 | D:2      | Reached XP level 3. HP: 22/29 MP: 3/3
   715 | D:2      | Noticed Natasha
   719 | D:2      | Killed Natasha
   719 | D:2      | Gained mutation: When seriously injured, your bleeding wounds create thick armour. (AC +9) [demonic ancestry]
   719 | D:2      | Reached XP level 4. HP: 29/35 MP: 4/4
   745 | D:2      | Noticed Natasha
   750 | D:2      | Slain by Natasha

Vault maps used:
D:1:      shiori_arrival_oz
D:2:      old_standard_altar, minmay_close_crescents, uniq_crazy_yiuf_cottage,
          uniq_natasha

Skill      XL: |  1  2 |
---------------+-------+-----
Maces & Flails | 2 3 |  3.4
Shields        | 3 |  3.4
Fighting       | |  3.0
Armour         | |  2.6

Action                   |  1- 3 |  4- 6 || total
-------------------------+-------+-------++-------
Melee: Flail             |    47 |    19 ||    66
  Use: Potion            |       |     1 ||     1
Armor: Scale mail        |    23 |    35 ||    58
Dodge: Dodged            |    13 |    14 ||    27
Block: Shield            |    23 |    26 ||    49

Table legend:
 A = Spawn XP
 B = Non-spawn XP
 C = Spawn XP percentage of total XP
 D = Spawn monster count
 E = Non-spawn monster count
 F = Spawn count percentage of total count
 G = Total turns spent on level
                    A         B        C        D         E        F      G
               +---------+---------+-------+---------+---------+-------+---------
         Total |       0 |     113 |   0.0 |       0 |      19 |   0.0 |   750
               +---------+---------+-------+---------+---------+-------+---------
           D:1 |       0 |      18 |   0.0 |       0 |       9 |   0.0 |   547
           D:2 |       0 |      95 |   0.0 |       0 |      10 |   0.0 |   203
               +---------+---------+-------+---------+---------+-------+---------
